 Dungeon Crawl Stone Soup version 0.22-a0-76-gd698a02 (webtiles) character file.

88 shenanigans the Skirmisher (level 4, -1/38 HPs)
             Began as a Barachi Monk on Jan 13, 2018.
             Slain by a gnoll
             ... wielding a +0 whip
              (3 damage)
             ... on level 2 of the Dungeon.
             The game lasted 00:03:06 (829 turns).

shenanigans the Skirmisher (Barachi Monk)            Turns: 829, Time: 00:03:07

Health: -1/38      AC: 12    Str: 12    XL:     4   Next: 53%
Magic:  4/4        EV:  4    Int: 11    God:
Gold:   43         SH:  0    Dex: 15    Spells: 3/3 levels left

rFire    . . .     SeeInvis .   a - +0 hand axe
rCold    . . .     Gourm    .   (no shield)
rNeg     . . .     Faith    .   c - +0 plate armour
rPois    .         Spirit   .   j - +0 helmet
rElec    .         Reflect  .   (no cloak)
rCorr    .         Harm     .   (no gloves)
MR       .....                  (no boots)
Stlth    ..........             p - amulet of regeneration
HPRegen  0.52/turn              (no ring)
MPRegen  0.09/turn              (no ring)

@: slow
A: +LOS, swims, slowness 1, strong legs 1
a: Hop


You were on level 2 of the Dungeon.
You were hungry.

You visited 1 branch of the dungeon, and saw 2 of its levels.

You collected 43 gold pieces.

Inventory:

Hand Weapons
 a - a +0 hand axe (weapon)
Armour
 b - a +0 robe
 c - a +0 plate armour (worn)
 j - a +0 helmet (worn)
Jewellery
 f - an uncursed ring of fire
 p - an amulet of regeneration (around neck)
Scrolls
 e - a scroll of teleportation {unknown}
 g - 2 scrolls of enchant armour {unknown}
 i - a scroll of amnesia {unknown}
 m - 2 scrolls of fear {unknown}
 r - a scroll of identify {unknown}
Potions
 h - a potion of lignification {unknown}
 k - a potion of flight {unknown}
 l - a potion of agility {unknown}
 n - a potion of ambrosia {unknown}
 o - a potion of curing {unknown}
 q - a potion of degeneration {unknown}
 s - a potion of haste {unknown}
Comestibles
 d - 2 rations


   Skills:
 + Level 4.3 Fighting
 + Level 4.0 Axes
 + Level 2.2 Armour
 + Level 4.0 Dodging
 - Level 1.7 Stealth


You had 3 spell levels left.
You didn't know any spells.

Dungeon Overview and Level Annotations

Branches:
Dungeon (2/15)

Altars:


Innate Abilities, Weirdness & Mutations

Shadows flee at your approach. (+LOS)
You can swim through water.
You cover ground slowly.
You can hop short distances.


Message History

The gnoll hits you but does no damage.
You closely miss the gnoll.
The gnoll is heavily wounded.
You hit the gnoll. The gnoll hits you but does no damage.
The gnoll hits you with a flail. The gnoll barely misses you.
Your plate armour prevents you from hitting the gnoll.
The gnoll is heavily wounded.
You hit the gnoll but do no damage.
The gnoll hits you from afar with a spear.
* * * LOW HITPOINT WARNING * * *
The gnoll hits you with a flail.
* * * LOW HITPOINT WARNING * * *
The gnoll hits you with a whip.
* * * LOW HITPOINT WARNING * * *
The gnoll hits you from afar with a spear.
* * * LOW HITPOINT WARNING * * *
You closely miss the gnoll.
The gnoll is heavily wounded.
You hit the gnoll. The gnoll hits you with a whip.
You die...

#......# #. #.###..# .# #
### ###......## .# #..#
#.....#...# .# ...###
#.....##..##.#
#....##.....##..#..# #
#......g.#####.#..#
#..#..(.g)..# #....#
#......@g..# #...##
##.........# ##..##
#............$#####...## #
#..>...#......##.......###
#......###................
#..... #............####
#..... #............# #
#.... #............# #
#.... .....(......# #


You could see 3 gnolls.

Vanquished Creatures
  2 adders (D:2)
  A gnoll (D:2)
  An ooze (D:1)
  An adder skeleton (D:2)
  A leopard gecko (D:1)
  3 bat skeletons (D:2)
  5 giant cockroaches
  10 goblins
  9 hobgoblins (D:1)
  2 ball python zombies (D:2)
  3 bats (D:1)
  4 frilled lizards
  3 kobolds
  5 rats
50 creatures vanquished.

Notes
Turn   | Place    | Note
-------+----------+-------------------------------------------
     0 | D:1      | shenanigans the Barachi Monk began the quest for the Orb.
     0 | D:1      | Reached XP level 1. HP: 18/18 MP: 1/1
    49 | D:1      | Reached XP level 2. HP: 21/25 MP: 2/2
    68 | D:1      | Reached skill level 1 in Armour
   166 | D:1      | Reached XP level 3. HP: 25/30 MP: 3/3
   622 | D:2      | Reached XP level 4. HP: 30/37 MP: 4/4
   828 | D:2      | HP: 1/38 [gnoll/spear (4)]
   829 | D:2      | Slain by a gnoll

Vault maps used:
D:1:      minmay_arrival_glassed_features
D:2:      serial_undead, serial_undead_c, serial_undead_a, serial_undead_a,
          serial_undead_e, serial_undead_b

Skill      XL: |  1  2  3  4 |
---------------+-------------+-----
Armour         | 1 2 |  2.2
Fighting       | 4 |  4.3
Dodging        | 4 |  4.0
Axes           | 4 |  4.0
Stealth        | |  1.7

Action                   |  1- 3 |  4- 6 || total
-------------------------+-------+-------++-------
Melee: Hand axe          |   148 |    64 ||   212
Armor: Plate armour      |   135 |    82 ||   217
Dodge: Dodged            |    26 |    20 ||    46

Table legend:
 A = Spawn XP
 B = Non-spawn XP
 C = Spawn XP percentage of total XP
 D = Spawn monster count
 E = Non-spawn monster count
 F = Spawn count percentage of total count
 G = Total turns spent on level
                    A         B        C        D         E        F      G
               +---------+---------+-------+---------+---------+-------+---------
         Total |       0 |     126 |   0.0 |       0 |      50 |   0.0 |   829
               +---------+---------+-------+---------+---------+-------+---------
           D:1 |       0 |      62 |   0.0 |       0 |      33 |   0.0 |   574
           D:2 |       0 |      64 |   0.0 |       0 |      17 |   0.0 |   255
               +---------+---------+-------+---------+---------+-------+---------
